 Dungeon Crawl Stone Soup version 0.18.1-6-gd335043 (webtiles) character file.

321625 epen the Envoy of Void (level 20, -10/189 HPs)
             Began as a Demonspawn Abyssal Knight on May 20, 2016.
             Was a High Priest of Lugonu.
             Killed from afar by a balrug (51 damage)
             ... with a fireball
             ... on level 1 of the Abyss.
             The game lasted 02:23:41 (64469 turns).

epen the Envoy of Void (Demonspawn Abyssal Knight) Turns: 64469, Time: 02:23:42

Health: -10/189    AC: 32    Str: 24    XL:     20   Next: 65%
Magic:  5/34       EV: 18    Int: 14    God:    Lugonu [*****.]
Gold:   2496       SH: 17    Dex: 26    Spells: 0 memorised, 19 levels left

rFire  . . .     SeeInvis +     Y - +8 demon blade (distort)
rCold  . . .     Gourm    .     Z - +7 plate armour of Torauk {rElec rC- Dex+7 Stlth+}
rNeg   + . .     Faith    .     q - +2 shield {reflect}
rPois  +         Spirit   .     (helmet unavailable)
rElec  +         Dismiss  .     O - +0 cloak of Nuceura {rC+}
rCorr  +         Reflect  +     b - +1 pair of gloves
SustAt +         Harm     .     Q - +0 pair of boots of Kuokaedd {+Blink rElec Int-2}
MR     +++++     Clarity  +     R - amulet of the Four Winds {rN+ MR+++ Clar}
Stlth  ..........               G - +3 ring of strength
                                a - ring "Ilarerre" {SustAt +Blink MR++ Dex+6}

@: about to teleport, very slightly contaminated, almost entirely resistant to
hostile enchantments, extremely unstealthy
A: antennae 3, yellow scales 3, demonic guardian 3, sense surroundings 1, poison
resistance, powered by death 2, robust 2, strong 1
a: Depart the Abyss, Bend Space, Banish, Corrupt, Enter the Abyss, Renounce
Religion, Evoke Blink
}: 2/15 runes: decaying, serpentine


You were on level 1 of the Abyss.
You worshipped Lugonu.
Lugonu was extremely pleased with you.
You were not hungry.

You visited 8 branches of the dungeon, and saw 41 of its levels.
You visited the Abyss 2 times.
You visited 1 bazaar.
You also visited: Ice Cave.

You collected 5284 gold pieces.
You spent 2788 gold pieces at shops.

Inventory:

Hand Weapons
 Y - a +8 demon blade of distortion (weapon)
Armour
 b - a +1 pair of gloves (worn)
 q - a +2 shield of reflection (worn)
 O - the +0 cloak of Nuceura (worn) {rC+}
   (You bought it in a shop in a bazaar)

   It protects you from cold.
 Q - the +0 pair of boots of Kuokaedd (worn) {+Blink rElec Int-2}
   (You bought it in a shop in a bazaar)

   It affects your intelligence (-2).
   It insulates you from electricity.
   It lets you blink.
 Z - the +7 plate armour of Torauk (worn) {rElec rC- Dex+7 Stlth+}
   (You bought it in a shop on level 2 of the Snake Pit)

   It affects your dexterity (+7).
   It makes you vulnerable to cold.
   It insulates you from electricity.
   It makes you more stealthy.
Jewellery
 a - the ring "Ilarerre" (left hand) {SustAt +Blink MR++ Dex+6}
   (You found it on level 3 of the Vaults)

   [ring of sustain attributes]

   It sustains your strength, intelligence and dexterity.
   It affects your dexterity (+6).
   It affects your resistance to hostile enchantments.
   It lets you blink.
 G - a +3 ring of strength (right hand)
 R - the amulet of the Four Winds (around neck) {rN+ MR+++ Clar}
   (You took it off an ogre mage on level 2 of the Depths)

   [amulet of nothing]

   It protects you from negative energy.
   It affects your resistance to hostile enchantments.
   It protects you against confusion.
 T - an uncursed ring of protection from cold
Wands
 t - a wand of teleportation (5/9)
 u - a wand of disintegration (9/24)
 w - a wand of teleportation (2/9)
 y - a wand of acid (10/15)
 D - a wand of teleportation (3/9)
 U - a wand of digging (11/24)
Scrolls
 d - 12 scrolls of teleportation
 f - 5 scrolls of recharging
 h - a scroll of enchant weapon
 x - 5 scrolls of blinking
 z - a scroll of magic mapping
 F - 6 scrolls of fear
 I - 6 scrolls of amnesia
 K - 10 scrolls of remove curse
 L - 2 scrolls of summoning
 M - 7 scrolls of enchant armour
 N - 2 scrolls of silence
 P - 7 scrolls of fog
 X - 22 scrolls of identify
Potions
 e - 5 potions of brilliance
 g - a potion of invisibility
 j - 4 potions of flight
 m - 4 potions of agility
 n - 11 potions of curing
 o - a potion of magic
 p - 6 potions of cancellation
 s - 3 potions of haste
 v - 7 potions of ambrosia
 A - 6 potions of lignification
 C - 3 potions of heal wounds
 E - 2 potions of resistance
 H - 5 potions of might
 V - 3 potions of berserk rage
Miscellaneous
 l - a sack of spiders
Comestibles
 c - 14 bread rations
 i - 23 meat rations
 k - 18 fruits
 r - 6 slices of pizza
 B - a royal jelly
 J - 4 beef jerkies


   Skills:
 + Level 13.8 Fighting
 * Level 16.8 Long Blades
 + Level 12.9 Armour
 + Level 12.5 Dodging
 * Level 12.6 Shields
 + Level 20.1 Invocations
 + Level 11.6 Evocations


You had 19 spell levels left.
You didn't know any spells.

Dungeon Overview and Level Annotations

Branches:
Dungeon (15/15)            Temple (0/1) D:5            Lair (8/8) D:9
  Swamp (4/4) Lair:5        Snake (4/4) Lair:5        Slime (1/6) Lair:7
    Orc (2/2) D:9             Elf (0/3) Orc:2        Vaults (4/5) D:13
  Crypt (0/3) Vaults:2     Depths (3/5) D:15

Altars:
Ashenzari
Cheibriados
Gozag
Kikubaaqudgha
Nemelex Xobeh
Okawaru
Pakellas
Ru
Sif Muna
Trog
Xom
Yredelemnul
Zin
The Shining One

Shops:
D:2 }   D:4 ?   D:14 ?[   Orc:2 [[?%   Snake:2 *}[}:   Snake:4 (   Vaults:3 (
Vaults:4 *

Portals:
Hell: Depths:1 Depths:2 Depths:3
Abyss: Depths:3
Pandemonium: Depths:3

Annotations:
Lair:4 exclusion: oklob plant
Lair:6 exclusion: oklob plant
Swamp:4 corrupted
Orc:2 corrupted
Depths:3 corrupted, Mennas
Abyss:1 Saint Roka


Innate Abilities, Weirdness & Mutations

You have a pair of large antennae on your head (SInv).
You are completely covered in yellow scales (AC +4, rCorr).
A powerful demonic guardian rushes to your aid.
You regenerate health from kills.
You are very robust (+20% HP).
You passively map a small area around you.
Your system is resistant to poisons.
Your muscles are strong. (Str +2)


Message History

You feel much better. The balrug completely misses you.
The cyan very ugly thing kicks your cacodemon.
The cyan very ugly thing shocks your cacodemon!
Your cacodemon resists.
Your cacodemon gestures at the cyan very ugly thing.
The cyan very ugly thing appears confused.
Drink which item? (? for menu, Esc to quit)
Okay, then.
Read which item? (? for menu, Esc to quit)
Blink to where?
Press: ? - help, Dir - move target cursor You are very lightly contaminated with residual magic.
As you read the scroll of blinking, it crumbles to dust.
Read which item? (? for menu, Esc to quit)
As you read the scroll of teleportation, it crumbles to dust.
You feel strangely unstable.
You feel the power of the Abyss delaying your translocation!
The balrug gestures at you.
The fireball explodes!
The fireball engulfs you!
You die...

#...#.....#
#########..........
..
....P.............
.. ##........... ...
.# ##.#.......#.....
..
#.#.#....2##...##.
.. #D.#u#2.D.#....u
...
#.#..#...D..#....D#
##@.#......#{{{#.#
#..###....#.#.#.#..
...#........#..2##..
#..#.#.......#u.##
.# #...
#............. ###.
........# .u. #
.....##. ..(.
......# . .#.
.....#.


You could see a balrug, a five-headed hydra, a four-headed hydra, a green ugly
thing and a friendly cacodemon.

Vanquished Creatures
  Sojobo (Vaults:4)
  Xtahua (Vaults:2)
  A lich (Depths:2)
  3 tengu reavers (Vaults:4)
  A thorn hunter (Swamp:3)
  7 fire giants
  3 greater nagas (Snake:4)
  A storm dragon (Vaults:3)
  A frost giant (Depths:2)
  Donald (Orc:2)
  4 vault wardens (Vaults:4)
  Wiglaf (Vaults:4)
  2 orc warlords (Depths:2)
  7 stone giants
  5 very ugly things
  An ironheart preserver (Vaults:3)
  A salamander stormcaller (D:15)
  A spark wasp (Depths:3)
  A blizzard demon (IceCv)
  Snorg (D:12)
  4 fire dragons
  2 ettins
  6 vault guards
  4 yaktaur captains
  The ghost of mopl the Severer, a journeyman HOBe of Trog (Orc:1)
  4 great orbs of eyes
  A rakshasa (Depths:2)
  2 entropy weavers
  7 naga warriors
  3 ice dragons
  8 ogre magi
  A ghost crab (Swamp:2)
  2 anacondas (Snake:2)
  A ghost crab (shapeshifter) (Vaults:3)
  3 death knights
  9 alligators
  5 centaur warriors
  5 tengu warriors
  A death yak (Lair:8)
  4 orc high priests
  10 naga sharpshooters
  A spriggan berserker (Depths:3)
  7 deep elf knights
  A soul eater (Depths:2)
  2 shock serpents (Snake:4)
  2 skeletal warriors (Vaults:2)
  Nergalle (D:12)
  A fire crab (shapeshifter) (Vaults:4)
  2 salamander mystics
  A fire crab (Vaults:2)
  5 giant orange brains
  A shadow wraith (Vaults:4)
  2 sea snakes
  4 unseen horrors
  3 hill giants
  2 deep trolls
  9 naga ritualists
  4 swamp dragons
  2 obsidian statues (D:14)
  2 deep elf archers
  A shambling mangrove (Swamp:2)
  A spriggan druid (Swamp:4)
  A flayed ghost (Depths:3)
  A harpy (shapeshifter) (Vaults:2)
  5 ironbrand convokers
  A phantasmal warrior (Vaults:2)
  3 harpies (Vaults:4)
  7 cyclopes
  20 orc knights
  6 mana vipers
  A manticore (D:13)
  14 deep elf magi
  27 ugly things
  2 hornets
  2 orc sorcerers (Depths:2)
  A wizard (Depths:2)
  A wolf spider (Vaults:3)
  11 salamanders
  11 elephants
  A guardian serpent (Snake:4)
  A manticore (shapeshifter) (Vaults:3)
  3 griffons
  37 black mambas
  Psyche (D:10)
  An ice statue (IceCv)
  2 gargoyles
  17 naga magi
  4 vault sentinels
  13 spiny frogs
  4 rime drakes
  8 freezing wraiths
  4 komodo dragons
  A kobold demonologist (D:14)
  17 yaktaurs
  3 anaconda simulacra (IceCv)
  An ice devil (IceCv)
  3 tengu conjurers
  12 two-headed ogres
  A jumping spider (Depths:1)
  4 trolls
  A troll (shapeshifter) (Vaults:4)
  5 bog bodies
  A blink frog (shapeshifter) (D:14)
  12 slime creatures
  5 giant leeches
  A boulder beetle (Vaults:4)
  10 blink frogs
  6 shadows
  4 centaur simulacra
  5 spriggans
  4 redbacks
  A spriggan (shapeshifter) (Depths:3)
  4 wraiths
  A tarantella (shapeshifter) (D:14)
  A salamander simulacrum (Vaults:2)
  A tarantella (Vaults:4)
  3 water elementals (Depths:2)
  5 wyverns
  32 yaks
  A vampire (Swamp:1)
  A fire bat (shapeshifter) (Vaults:1)
  Grum (Lair:1)
  A steam dragon (shapeshifter) (Vaults:3)
  3 basilisks
  40 vampire mosquitoes
  A death yak simulacrum (IceCv)
  3 hungry ghosts
  18 hippogriffs
  5 wargs
  5 insubstantial wisps (Swamp:3)
  5 mottled dragons
  32 nagas
  14 swamp worms
  2 harpy simulacra (IceCv)
  A soldier ant (D:12)
  3 iron troll simulacra (IceCv)
  3 hydra simulacra (IceCv)
  18 porcupines
  16 water moccasins
  2 hell hounds (Lair:8)
  An eye of draining (D:13)
  44 orc warriors
  13 swamp drakes
  11 ice beasts
  7 sky beasts
  A black bear (shapeshifter) (D:15)
  4 black bears
  4 boggarts
  4 phantoms
  9 wasps
  An ettin simulacrum (IceCv)
  2 necrophages
  48 ogres
  A boggart (shapeshifter) (Vaults:2)
  20 centaurs
  16 crocodiles
  15 wolves
  10 big kobolds
  31 giant frogs
  Blork the orc (D:6)
  A wyvern zombie (D:11)
  Dowan (D:7)
  A wyvern skeleton (D:10)
  6 scorpions
  18 killer bees
  2 howler monkeys
  3 electric eels
  3 centaur zombies
  6 crimson imps
  4 draconian simulacra (IceCv)
  6 hounds
  A quasit (D:14)
  A giant frog zombie (D:12)
  4 jellies
  Crazy Yiuf (D:2)
  3 centaur skeletons
  A gnoll shaman (Orc:2)
  30 orc priests
  An iron imp (D:14)
  25 orc wizards
  11 iguanas
  13 worker ants
  5 troll simulacra (IceCv)
  2 spriggan simulacra (IceCv)
  19 sheep
  A wolf simulacrum (IceCv)
  A hound zombie (D:7)
  A worker ant zombie (D:11)
  15 gnolls
  15 adders
  4 naga simulacra (IceCv)
  An ogre simulacrum (IceCv)
  26 river rats
  7 shadow imps
  4 white imps
  4 ufetubi (IceCv)
  10 giant geckos
  101 orcs
  10 bats
  11 giant cockroaches
  6 goblins
  11 hobgoblins
  6 jackals
  2 quokkas
  4 giant newts
  A jackal skeleton (D:7)
  27 kobolds
  2 quokka zombies
  9 rats
  4 briar patches
  A bush (D:14)
  A butterfly (Lair:2)
  4 fungi
  A plant (Lair:5)
1411 creatures vanquished.

Vanquished Creatures (collateral kills)
  Rupert (Lair:6)
  A lich (Vaults:4)
  A sphinx (Vaults:4)
  A tengu reaver (Vaults:4)
  2 greater nagas (Snake:4)
  A vault warden (Vaults:4)
  A frost giant (Vaults:4)
  An ironheart preserver (Vaults:4)
  A very ugly thing (Vaults:2)
  A stone giant (Vaults:2)
  An ettin (Vaults:4)
  5 vault guards
  2 ogre magi
  A great orb of eyes (Vaults:3)
  10 hydras
  An entropy weaver (Vaults:4)
  A centaur warrior (D:13)
  4 naga warriors
  An ice dragon (Depths:3)
  A ghost crab (Swamp:1)
  The ghost of Tux the Grappler, a journeyman VSMo (Lair:2)
  2 anacondas (Snake:4)
  A death yak (Lair:7)
  A shock serpent (Snake:2)
  A tengu warrior (D:14)
  A vampire mage (Vaults:2)
  A naga sharpshooter (Snake:4)
  A fire crab (Vaults:4)
  3 deep elf knights
  A hell knight (Depths:3)
  A salamander mystic (Snake:3)
  An unseen horror (D:13)
  A sea snake (Snake:4)
  2 skeletal warriors (Vaults:2)
  3 naga ritualists
  4 deep elf archers
  A giant orange brain (Vaults:4)
  A swamp dragon (shapeshifter) (Vaults:3)
  3 hill giants
  A swamp dragon (Swamp:4)
  5 orc knights
  A harpy (Vaults:4)
  6 deep elf magi
  A cyclops (D:13)
  10 ugly things
  3 griffons
  4 salamanders
  2 mana vipers (Snake:2)
  An orc sorcerer (Depths:2)
  16 elephants
  Maurice (D:8)
  A guardian serpent (Snake:2)
  8 spiny frogs
  11 black mambas
  6 naga magi
  A centaur skeleton (D:11)
  A yaktaur (Vaults:1)
  A rime drake (Lair:6)
  A kobold demonologist (D:11)
  A komodo dragon (Lair:1)
  2 trolls
  3 two-headed ogres
  3 slime creatures
  A giant leech (Lair:8)
  7 blink frogs
  Sigmund (D:6)
  A spriggan (D:7)
  Eustachio (D:5)
  23 yaks
  3 basilisks
  4 vampire mosquitoes
  2 hippogriffs
  Menkaure (D:7)
  Edmund (D:6)
  10 nagas
  5 wargs
  A giant eyeball (Depths:3)
  2 water moccasins
  Duvessa (D:7)
  5 orc warriors
  An ice beast (D:6)
  4 necrophages
  A wasp (Swamp:2)
  An alligator simulacrum (IceCv)
  An eye of draining (D:13)
  6 wolves
  3 ogres
  3 crocodiles
  3 centaurs
  4 giant frogs
  6 killer bees
  3 howler monkeys (D:8)
  A centaur zombie (D:5)
  A hound (D:4)
  3 iguanas
  2 orc wizards
  6 sheep (Lair:2)
  A hound zombie (D:7)
  A gnoll (D:2)
  4 river rats (Lair:2)
  A shadow imp (D:6)
  8 orcs
  A kobold (D:13)
  A quokka (D:7)
  2 giant newts
  A fire vortex (Vaults:3)
  A fungus (Lair:2)
  3 plants
300 creatures vanquished.

Vanquished Creatures (others)
  A tentacled monstrosity (Depths:3)
  A sphinx (Vaults:4)
  2 thorn hunters
  2 fire giants
  A frost giant (Vaults:4)
  An ironheart preserver (Vaults:3)
  A very ugly thing (Depths:3)
  A vault warden (Vaults:4)
  A ghoul (Vaults:2)
  3 stone giants
  A vampire knight (Depths:2)
  A salamander stormcaller (D:15)
  A blizzard demon (IceCv)
  3 fire dragons
  An ettin (Depths:3)
  An entropy weaver (Depths:3)
  2 great orbs of eyes
  An ogre mage (Vaults:2)
  3 yaktaur captains
  2 ice dragons
  10 hydras
  4 naga warriors (Snake:4)
  An anaconda (Snake:4)
  A centaur warrior (Depths:1)
  A ghost crab (Swamp:3)
  3 alligators
  A death knight (D:15)
  A tengu warrior (D:15)
  3 naga sharpshooters
  A spriggan berserker (Swamp:4)
  3 orc high priests (Orc:2)
  2 vampire magi (Depths:3)
  2 shock serpents
  2 sea snakes (Snake:4)
  2 skeletal warriors (Vaults:2)
  2 shambling mangroves
  A naga ritualist (Snake:1)
  2 spriggan druids (Swamp:4)
  4 swamp dragons (Swamp:4)
  A wizard (Depths:3)
  2 ironbrand convokers (Vaults:3)
  2 deep elf archers
  A phantasmal warrior (Vaults:2)
  6 orc knights
  2 cyclopes
  A mana viper (Snake:4)
  6 ugly things
  A shining eye (shapeshifter) (Depths:3)
  A salamander (Snake:2)
  3 deep elf magi
  2 elephants (Lair:7)
  5 black mambas
  2 naga magi
  A vault sentinel (Vaults:3)
  A torpor snail (Lair:8)
  A guardian serpent (Snake:4)
  8 spiny frogs
  A komodo dragon (Lair:3)
  12 yaktaurs
  An ice devil (IceCv)
  2 giant leeches
  A two-headed ogre (Orc:2)
  7 slime creatures
  A boulder beetle (Vaults:1)
  2 bog bodies (Swamp:4)
  4 blink frogs
  2 wraiths
  A yak (shapeshifter) (Vaults:2)
  A basilisk (Lair:7)
  6 vampire mosquitoes
  6 insubstantial wisps (Swamp:4)
  4 nagas
  A warg (Vaults:3)
  3 swamp worms (Swamp:4)
  A water moccasin (Lair:3)
  A hydra simulacrum (IceCv)
  11 orc warriors
  6 swamp drakes
  3 wasps
  An ice beast (Swamp:2)
  3 boggarts
  2 ogres
  2 big kobolds
  A giant frog (D:15)
  3 electric eels
  14 orc priests (Orc:2)
  A polar bear simulacrum (IceCv)
  3 white imps (IceCv)
  25 orcs
  2 bushes (D:14)
  2 fire vortices (D:15)
  24 fungi
  32 plants
  14 starspawn tentacles
  361 starspawn tentacle segments
689 creatures vanquished.

Grand Total: 2400 creatures vanquished

Notes
Turn   | Place    | Note
--------------------------------------------------------------
     0 | Abyss:1  | epen the Demonspawn Abyssal Knight began the quest for the Orb.
     0 | Abyss:1  | Reached XP level 1. HP: 18/18 MP: 2/2
    44 | Abyss:1  | Noticed a large abomination
    59 | Abyss:1  | Noticed a large abomination
    66 | Abyss:1  | Noticed a tentacled starspawn
    80 | D:1      | Escaped the Abyss
    94 | D:1      | Reached skill level 1 in Dodging
   429 | D:1      | Gained mutation: You have a pair of small antennae on your head. [demonic ancestry]
   429 | D:1      | Reached XP level 2. HP: 22/24 MP: 3/3
   454 | D:1      | Reached * piety under Lugonu
   963 | D:1      | Found a shattered altar of Ashenzari.
  1247 | D:1      | Reached skill level 3 in Invocations
  1412 | D:2      | Gained mutation: A weak demonic guardian rushes to your aid. [demonic ancestry]
  1412 | D:2      | Reached XP level 3. HP: 20/29 MP: 5/5
  2144 | D:2      | Found an oddly glowing altar of Pakellas.
  2144 | D:2      | Found Pakellas's Prime Provisions.
  2218 | D:2      | Reached XP level 4. HP: 24/35 MP: 6/6
  2424 | D:2      | Noticed Crazy Yiuf
  2497 | D:2      | Killed Crazy Yiuf
  2497 | D:2      | Reached skill level 4 in Invocations
  3213 | D:3      | Found an ancient bone altar of Kikubaaqudgha.
  3229 | D:3      | Noticed a necrophage
  3270 | D:2      | Killed a necrophage
  3270 | D:2      | Gained mutation: You are partially covered in yellow scales (AC +2). [demonic ancestry]
  3270 | D:2      | Reached XP level 5. HP: 32/41 MP: 8/8
  3333 | D:3      | Noticed a centaur
  3358 | D:3      | Killed a centaur
  3358 | D:3      | Reached skill level 5 in Invocations
  3358 | D:3      | Reached XP level 6. HP: 12/47 MP: 9/9
  3716 | D:3      | Found a bloodstained altar of Trog.
  3725 | D:3      | Reached ** piety under Lugonu
  4163 | D:3      | Found a basalt altar of Yredelemnul.
  4489 | D:4      | Found a deep blue altar of Sif Muna.
  4803 | D:4      | Noticed an orc warrior
  4854 | D:4      | Killed an orc warrior
  4854 | D:4      | Reached skill level 6 in Invocations
  4854 | D:4      | Gained mutation: You have a pair of antennae on your head. [demonic ancestry]
  4854 | D:4      | Reached XP level 7. HP: 32/54 MP: 11/11
  5150 | D:4      | Found Vituig's Magic Scroll Shop.
  5158 | D:4      | Bought a scroll of teleportation for 36 gold pieces
  5158 | D:4      | Bought a scroll of teleportation for 36 gold pieces
  5158 | D:4      | Bought a scroll of blinking for 90 gold pieces
  5158 | D:4      | Bought a scroll of blinking for 90 gold pieces
  5412 | D:4      | Reached *** piety under Lugonu
  5599 | D:5      | Entered Level 5 of the Dungeon
  6205 | D:5      | Noticed Eustachio
  6226 | D:5      | Killed Eustachio
  6259 | D:5      | Found a staircase to the Ecumenical Temple.
  6318 | D:5      | Reached skill level 7 in Invocations
  6318 | D:5      | Gained mutation: A demonic guardian rushes to your aid. [demonic ancestry]
  6318 | D:5      | Reached XP level 8. HP: 34/61 MP: 13/13
  6503 | D:5      | Found a glowing golden altar of the Shining One.
  6556 | D:6      | Reached skill level 5 in Long Blades
  6697 | D:6      | Found a shimmering altar of Xom.
  6755 | D:6      | Noticed Blork the orc
  6761 | D:6      | Killed Blork the orc
  6777 | D:6      | Noticed Edmund
  6784 | D:6      | Killed Edmund
  6849 | D:6      | Noticed Sigmund
  6852 | D:6      | Killed Sigmund
  7033 | D:6      | Reached skill level 8 in Invocations
  7144 | D:6      | Reached skill level 5 in Fighting
  7470 | D:7      | Noticed Menkaure
  7475 | D:7      | Killed Menkaure
  7653 | D:7      | Reached **** piety under Lugonu
  7659 | D:7      | Reached XP level 9. HP: 67/68 MP: 15/15
  7927 | D:7      | Noticed Dowan
  7930 | D:7      | Noticed Duvessa
  7936 | D:7      | Killed Duvessa
  7943 | D:7      | Killed Dowan
  7990 | D:7      | Found an opulent altar of Gozag.
  7993 | D:7      | Reached skill level 9 in Invocations
  8001 | D:7      | Found a glowing silver altar of Zin.
  8635 | D:8      | Noticed Maurice
  8649 | D:8      | Killed Maurice
  8649 | D:8      | Reached skill level 5 in Armour
  8990 | D:8      | Found a glowing silver altar of Zin.
  9074 | D:8      | Reached ***** piety under Lugonu
  9074 | D:8      | Reached skill level 10 in Invocations
  9444 | D:8      | Gained mutation: You have a pair of large antennae on your head (SInv). [demonic ancestry]
  9444 | D:8      | Reached XP level 10. HP: 53/76 MP: 17/17
  9905 | D:9      | Reached skill level 5 in Dodging
 10197 | D:9      | Found a staircase to the Lair.
 10816 | D:9      | Noticed a fire dragon
 10819 | D:9      | Banished a fire dragon
 11207 | D:9      | Reached skill level 11 in Invocations
 11411 | D:9      | Found a staircase to the Orcish Mines.
 11816 | D:10     | Entered Level 10 of the Dungeon
 11867 | D:10     | Noticed a hill giant
 11873 | D:10     | Killed a hill giant
 12012 | D:10     | Found an iron altar of Okawaru.
 12074 | D:10     | Noticed Psyche
 12084 | D:10     | Killed Psyche
 12853 | D:11     | Found a snail-covered altar of Cheibriados.
 12933 | D:11     | Noticed a hill giant
 13004 | D:11     | Killed a hill giant
 13004 | D:11     | Gained mutation: You are mostly covered in yellow scales (AC +3). [demonic ancestry]
 13004 | D:11     | Reached XP level 11. HP: 28/84 MP: 19/19
 13404 | D:11     | Reached skill level 12 in Invocations
 13972 | D:11     | Noticed a hill giant
 13984 | D:11     | Killed a hill giant
 15003 | Lair:1   | Entered Level 1 of the Lair of Beasts
 15794 | Lair:1   | Noticed Grum
 15835 | Lair:1   | Killed Grum
 16662 | Lair:2   | Noticed Tux's ghost (journeyman VSMo)
 16717 | Lair:2   | Killed Tux's ghost
 17056 | Lair:2   | Reached skill level 13 in Invocations
 18706 | Lair:2   | Reached XP level 12. HP: 70/92 MP: 22/22
 19179 | Lair:2   | Reached skill level 10 in Long Blades
 19741 | Lair:3   | Reached skill level 1 in Evocations
 19776 | Lair:3   | HP: 1/92 [yak (7)]
 21466 | Lair:3   | Noticed an eight-headed hydra
 21474 | Lair:3   | Killed an eight-headed hydra
 22279 | Lair:4   | Got a warped falchion
 22281 | Lair:4   | Identified the cursed +1 falchion of the Doomed Warrior {drain, rPois Str+3 Int+3} (You found it on level 4 of the Lair of Beasts)
 22593 | Lair:4   | Noticed a seven-headed hydra
 22601 | Lair:4   | Killed a seven-headed hydra
 22627 | Lair:4   | Reached skill level 14 in Invocations
 23367 | Lair:5   | Found a staircase to the Swamp.
 23367 | Lair:5   | Noticed a five-headed hydra
 23367 | Lair:5   | Noticed an eight-headed hydra
 23383 | Lair:4   | Killed an eight-headed hydra
 23424 | Lair:4   | Killed a five-headed hydra
 24212 | Lair:5   | Noticed a naga warrior
 24251 | Lair:5   | Killed a naga warrior
 24261 | Lair:5   | Found a staircase to the Snake Pit.
 24320 | Lair:5   | Gained mutation: You are dopey. (Int -2) [potion of mutation]
 24320 | Lair:5   | Gained mutation: You have large cloven feet. [potion of mutation]
 24320 | Lair:5   | Gained mutation: Your muscles are strong. (Str +2) [potion of mutation]
 25194 | Lair:6   | Noticed Rupert
 25210 | Lair:6   | Killed Rupert
 25210 | Lair:6   | Gained mutation: You are robust (+10% HP). [demonic ancestry]
 25210 | Lair:6   | Reached XP level 13. HP: 94/111 MP: 22/24
 26637 | Lair:7   | Reached ****** piety under Lugonu
 26699 | Lair:7   | Reached skill level 15 in Invocations
 26980 | Lair:7   | Found a staircase to the Slime Pits.
 28242 | Lair:8   | Entered Level 8 of the Lair of Beasts
 28494 | Lair:8   | Reached skill level 5 in Evocations
 29546 | Lair:8   | Reached XP level 14. HP: 51/119 MP: 25/25
 29618 | Lair:8   | Reached skill level 16 in Invocations
 31522 | Lair:8   | Reached skill level 10 in Fighting
 31660 | Lair:8   | Identified a scroll of acquirement
 32235 | D:12     | Noticed Nergalle
 32253 | D:12     | Killed Nergalle
 32291 | D:12     | Noticed Snorg
 32314 | D:12     | Killed Snorg
 33860 | D:13     | Found a gate to the Vaults.
 34595 | D:13     | Reached skill level 17 in Invocations
 35374 | Orc:1    | Entered Level 1 of the Orcish Mines
 35400 | Orc:1    | Noticed mopl's ghost (journeyman HOBe)
 35592 | Orc:1    | Killed mopl's ghost
 35592 | Orc:1    | Reached skill level 1 in Shields
 36454 | Orc:1    | Gained mutation: You regenerate a little health from kills. [demonic ancestry]
 36454 | Orc:1    | Reached XP level 15. HP: 118/127 MP: 27/27
 36610 | Orc:2    | Entered Level 2 of the Orcish Mines
 36610 | Orc:2    | Noticed Donald
 36627 | Orc:2    | Killed Donald
 37038 | Orc:2    | Corrupted Orc:2
 37039 | Orc:2    | Noticed a tentacled starspawn
 37061 | Orc:2    | Noticed a bone dragon
 37088 | Orc:2    | Found a staircase to the Elven Halls.
 37574 | Orc:2    | Gained mutation: You tend to lose your temper in combat. [a neqoxec]
 37576 | Orc:2    | Gained mutation: Scrolls take you a little longer to read. [a neqoxec]
 37967 | Orc:2    | Lost mutation: Your muscles are strong. (Str +2) [potion of cure mutation]
 37967 | Orc:2    | Lost mutation: You tend to lose your temper in combat. [potion of cure mutation]
 37967 | Orc:2    | Lost mutation: You are dopey. (Int -2) [potion of cure mutation]
 38013 | Orc:2    | Found Parcheps's Antique Armour Shoppe.
 38013 | Orc:2    | Found Eskyoqai's Food Shoppe.
 38014 | Orc:2    | Found Qoikhuith's Armour Emporium.
 38014 | Orc:2    | Found Jeluisopna's Magic Scroll Shoppe.
 38024 | Orc:2    | Bought a scroll of enchant weapon for 135 gold pieces
 38024 | Orc:2    | Bought a scroll of blinking for 135 gold pieces
 38024 | Orc:2    | Bought a scroll of teleportation for 54 gold pieces
 38024 | Orc:2    | Bought a scroll of identify for 36 gold pieces
 38038 | Orc:2    | Identified a +7 demon blade of distortion (a +5 demon blade corrupted by Lugonu)
 38038 | Orc:2    | Received a gift from Lugonu
 38773 | D:14     | Found Samigo's Magic Scroll Emporium.
 38782 | D:14     | Bought a scroll of acquirement for 624 gold pieces
 38838 | D:14     | Lost mutation: Scrolls take you a little longer to read. [potion of cure mutation]
 38838 | D:14     | Lost mutation: You have large cloven feet. [potion of cure mutation]
 38839 | D:14     | Gained mutation: Your system is resistant to poisons. [potion of beneficial mutation]
 38943 | D:14     | Found a sacrificial altar of Ru.
 39145 | D:14     | Found Cisu's Armour Emporium.
 39504 | D:14     | Found a gateway to a bazaar.
 39513 | Bazaar   | Entered a bazaar
 39514 | Bazaar   | Found Larulout's Antique Armour Shop.
 39522 | Bazaar   | Found Liuvutoh's General Store.
 39525 | Bazaar   | Found Norphuem's Book Shop.
 39534 | Bazaar   | Found Mutawee Xidu's Weapon Boutique.
 39579 | Bazaar   | Bought a brightly glowing cloak for 190 gold pieces
 39579 | Bazaar   | Bought a pair of faintly humming boots for 190 gold pieces
 39590 | Bazaar   | Identified the cursed +0 pair of boots of Kuokaedd {+Blink rElec Int-2} (You bought it in a shop in a bazaar)
 39600 | Bazaar   | Identified the +0 cloak of Nuceura {rC+} (You bought it in a shop in a bazaar)
 39609 | Bazaar   | Bought a scroll of identify for 24 gold pieces
 39609 | Bazaar   | Bought a scroll of teleportation for 36 gold pieces
 39609 | Bazaar   | Bought a potion of might for 48 gold pieces
 39807 | D:15     | Entered Level 15 of the Dungeon
 40373 | Slime:1  | Entered Level 1 of the Pits of Slime
 40431 | Snake:1  | Entered Level 1 of the Snake Pit
 42419 | Snake:2  | Found a runed door.
 42442 | Snake:2  | Reached skill level 10 in Armour
 43000 | Snake:2  | Reached skill level 5 in Shields
 43181 | Snake:2  | Found Yqups's Book Emporium.
 43236 | Snake:2  | Found Uqaigicu's Antique Armour Shoppe.
 43236 | Snake:2  | Found Vefuetei's Gadget Emporium.
 43264 | Snake:2  | Bought a faintly glowing plate armour for 1008 gold pieces
 43280 | Snake:2  | Identified the +7 plate armour of Torauk {rElec rC- Dex+7 Stlth+} (You bought it in a shop on level 2 of the Snake Pit)
 43347 | Snake:2  | Found Aqit's Assorted Antiques.
 43409 | Snake:2  | Gained mutation: A powerful demonic guardian rushes to your aid. [demonic ancestry]
 43409 | Snake:2  | Reached XP level 16. HP: 122/136 MP: 28/28
 43417 | Snake:2  | Found Bicer's Gadget Emporium.
 43715 | Snake:3  | Found a snail-covered altar of Cheibriados.
 43725 | Snake:3  | Reached skill level 10 in Dodging
 44743 | Snake:4  | Entered Level 4 of the Snake Pit
 45038 | Snake:4  | Found Togh's Weapon Boutique.
 45195 | Snake:4  | Reached skill level 18 in Invocations
 47030 | Snake:4  | Reached XP level 17. HP: 132/146 MP: 30/30
 47064 | Snake:4  | Got a serpentine rune of Zot
 48579 | D:15     | Found a staircase to the Depths.
 49380 | Vaults:1 | Entered Level 1 of the Vaults
 51070 | Vaults:2 | Found a staircase to the Crypt.
 51385 | Vaults:2 | Reached skill level 15 in Long Blades
 51582 | Vaults:2 | Gained mutation: You regenerate health from kills. [demonic ancestry]
 51582 | Vaults:2 | Reached XP level 18. HP: 134/154 MP: 25/31
 51907 | Vaults:2 | Noticed Xtahua
 51920 | Vaults:2 | Killed Xtahua
 52072 | Vaults:2 | Noticed Saint Roka
 52091 | Vaults:2 | Banished Saint Roka
 52429 | Vaults:2 | Paralysed by an ogre mage for 4 turns
 52971 | Swamp:1  | Entered Level 1 of the Swamp
 53117 | Swamp:1  | Gained mutation: You passively map a small area around you. [potion of beneficial mutation]
 53389 | Swamp:1  | Reached skill level 10 in Shields
 53813 | Swamp:2  | Reached skill level 19 in Invocations
 53899 | Swamp:2  | Found a frozen archway.
 53907 | IceCv    | Entered an ice cave
 54259 | IceCv    | Reached skill level 10 in Evocations
 54711 | IceCv    | Got a distressingly furry hat
 56319 | Swamp:4  | Entered Level 4 of the Swamp
 56350 | Swamp:4  | Gained mutation: Your muscles are strong. (Str +2) [potion of beneficial mutation]
 57039 | Swamp:4  | Corrupted Swamp:4
 57039 | Swamp:4  | Noticed a bone dragon
 57165 | Swamp:4  | Got a decaying rune of Zot
 57994 | Vaults:3 | Found Faarah's Weapon Emporium.
 58010 | Vaults:3 | Gained mutation: You are very robust (+20% HP). [potion of beneficial mutation]
 58386 | Vaults:3 | Gained mutation: You are completely covered in yellow scales (AC +4, rCorr). [demonic ancestry]
 58386 | Vaults:3 | Reached XP level 19. HP: 144/177 MP: 32/32
 59180 | Vaults:3 | Got a flickering brass ring
 60252 | Vaults:4 | Noticed Sojobo
 60322 | Vaults:4 | Paralysed by a sphinx for 7 turns
 60507 | Vaults:4 | Killed Sojobo
 60965 | Vaults:4 | Noticed Wiglaf
 60988 | Vaults:4 | Killed Wiglaf
 61005 | Vaults:4 | Found Puca's General Store.
 61015 | Vaults:4 | Bought a potion of agility for 56 gold pieces
 61296 | D:15     | Reached XP level 20. HP: 187/187 MP: 33/33
 61318 | Depths:1 | Entered Level 1 of the Depths
 61355 | Depths:1 | Identified the ring "Ilarerre" {SustAt +Blink MR++ Dex+6} (You found it on level 3 of the Vaults)
 61399 | Depths:1 | Found a sparkling altar of Nemelex Xobeh.
 62043 | Depths:1 | Found a gateway to Hell.
 62966 | Depths:2 | Reached skill level 20 in Invocations
 63340 | Depths:2 | Got a scorched steel amulet
 63548 | Depths:2 | Identified the amulet "Setofogh" {Harm *Drain MR- Str+5 Stlth+} (You took it off an orc knight on level 2 of the Depths)
 64148 | Depths:3 | Found a one-way gate to the infinite horrors of the Abyss.
 64148 | Depths:3 | Found a one-way gate leading to the halls of Pandemonium.
 64221 | Depths:3 | Noticed a caustic shrike
 64394 | Depths:3 | Noticed Mennas
 64395 | Depths:3 | Corrupted Depths:3
 64469 | Abyss:1  | Killed from afar by a balrug

Skill      XL: |  1  2  3  4  5  6  7  8  9 10 11 12 13 14 15 16 17 18 19 20 |
---------------+-------------------------------------------------------------+-----
Dodging        | 1 2 3 4 6 7 8 9 10 11 12 | 12.5
Armour         | 2 3 4 5 6 7 8 9 10 11 12 | 12.9
Long Blades    | 2 3 4 6 7 8 9 10 11 12 13 14 15 16 | 16.8
Invocations    | 3 4 5 6 7 8 10 11 13 14 15 17 18 19 20 | 20.1
Fighting       | 4 5 6 7 8 9 10 11 12 13 | 13.8
Evocations     | 3 5 6 7 8 9 10 11 | 11.6
Shields        | 1 5 7 9 10 11 12 | 12.6

Action                   |  1- 3 |  4- 6 |  7- 9 | 10-12 | 13-15 | 16-18 | 19-21 || total
-------------------------+-------+-------+-------+-------+-------+-------+-------++-------
Melee: Falchion          |    33 |       |       |   299 |  1158 |       |       ||  1490
       Dagger            |    88 |   169 |   427 |   571 |       |       |       ||  1255
       Short sword       |       |       |       |   629 |       |       |       ||   629
       Demon blade       |       |       |       |       |  1249 |  2359 |  1163 ||  4771
Invok: Depart the Abyss  |     1 |       |       |       |       |       |       ||     1
       Banish            |       |       |       |    13 |    20 |    23 |     6 ||    62
       Bend Space        |       |       |       |       |     6 |     4 |       ||    10
       Corrupt           |       |       |       |       |     1 |     1 |     1 ||     3
       Brand Weapon With |       |       |       |       |     1 |       |       ||     1
       Enter the Abyss   |       |       |       |       |       |       |     1 ||     1
Evoke: Wand              |       |       |       |     3 |     3 |       |       ||     6
  Use: Potion            |       |     2 |       |     2 |     5 |     4 |     3 ||    16
       Scroll            |       |     7 |     5 |    15 |    20 |     8 |     5 ||    60
 Stab: Distracted        |       |       |       |     2 |    12 |    13 |    12 ||    39
       Confused          |       |       |       |       |       |     2 |       ||     2
  Eat: Chunk             |     4 |     8 |    10 |    40 |    71 |    55 |    20 ||   208
       Bread ration      |       |       |     1 |     2 |       |       |       ||     3
       Beef jerky        |       |       |     1 |     2 |     2 |       |       ||     5
       Pizza             |       |       |       |     3 |       |     4 |       ||     7
       Meat ration       |       |       |       |     1 |       |     1 |       ||     2
Armor: Leather armour    |    34 |    35 |       |       |       |       |       ||    69
       Ring mail         |       |    19 |   144 |    70 |       |       |       ||   233
       Chain mail        |       |       |       |   613 |   927 |       |       ||  1540
       Scale mail        |       |       |       |    18 |       |       |       ||    18
       Plate armour      |       |       |       |       |   223 |   841 |   275 ||  1339
Dodge: Dodged            |    78 |   102 |   253 |   727 |  1320 |   782 |   309 ||  3571
Block: Shield            |       |       |       |       |   131 |  1401 |   521 ||  2053
       Reflection        |       |       |       |       |    13 |   158 |    52 ||   223
